 Dungeon Crawl Stone Soup version 0.20-a0-1124-g2e29d97 (webtiles) character file.

69 inmateoo the Poker (level 3, 0/30 HPs)
             Began as a Demigod Gladiator on May 16, 2017.
             Succumbed to an adder's poison
             ... on level 3 of the Dungeon.
             The game lasted 00:02:46 (1746 turns).

inmateoo the Poker (Demigod Gladiator)              Turns: 1746, Time: 00:02:47

Health: 0/30       AC:  6    Str: 19    XL:     3   Next: 75%
Magic:  5/5        EV: 13    Int: 12    God:
Gold:   85         SH:  3    Dex: 17    Spells: 2/2 levels left

rFire    . . .     SeeInvis .   a - +0 trident
rCold    . . .     Gourm    .   (no shield)
rNeg     . . .     Faith    .   b - +0 leather armour
rPois    .         Spirit   .   c - +0 helmet
rElec    .         Reflect  +   (no cloak)
rCorr    .         Harm     .   (no gloves)
MR       .....                  t - +1 pair of boots
Stlth    +.........             m - +3 amulet of reflection
Regen    0.1/turn               (no ring)
MPRegen  0.1/turn               (no ring)

@: lethally poisoned (0 -> -3)
A: high mp 1
a: no special abilities


You were on level 3 of the Dungeon.
You were not hungry.

You visited 1 branch of the dungeon, and saw 3 of its levels.

You collected 85 gold pieces.

Inventory:

Hand Weapons
 a - a +0 trident (weapon)
Missiles
 d - 3 throwing nets (quivered)
Armour
 b - a +0 leather armour (worn)
 c - a +0 helmet (worn)
 t - a +1 pair of boots (worn)
Jewellery
 m - a +3 amulet of reflection (around neck)
Wands
 p - a wand of random effects (42/48)
Scrolls
 g - a scroll of identify
 h - 2 scrolls of teleportation
 i - 3 scrolls of recharging
Potions
 k - a potion of resistance
 s - a potion of invisibility {unknown}
Comestibles
 f - 3 bread rations
 l - a meat ration


   Skills:
 + Level 2.6 Fighting
 * Level 3.8 Polearms
 - Level 1.7 Throwing
 + Level 2.9 Dodging


You had 2 spell levels left.
You didn't know any spells.

Dungeon Overview and Level Annotations

Branches:
Dungeon (3/15)

Annotations:
D:2 exclusion: oklob plant


Innate Abilities, Weirdness & Mutations

You have an increased reservoir of magic. (+10% MP)


Message History

* * * LOW HITPOINT WARNING * * *
Attack whom?
Press: ? - help, Dir - move target cursor, f/p - worm
Aim: a worm (almost dead)
You puncture the worm!
You kill the worm!
* * * LOW HITPOINT WARNING * * *
You feel sick. The rat misses you.
Attack whom?
Press: ? - help, Dir - move target cursor, f - rat
Aim: a rat You hit the rat.
You kill the rat!
It was a potion of agility.
You feel agile all of a sudden.
It was a potion of cancellation.
Your magical effects are unravelling.
You feel magically purged.
You feel a little less agile now.
You die...

*≈*≈≈*≈*≈#.#..............*
*≈**≈*≈*≈#...........####.*
*≈≈≈≈*≈*≈####.####.### *,*
****≈*≈*≈#....# #.# *,*
*≈≈≈≈≈≈*∩###### #.# *,*
*≈**######* #.# *,*
***≈≈≈≈≈≈≈r≈* #.# *,*
*,***#≈#≈#≈≈########.######.#
*,,,≈w≈≈≈.≈%....@...).......#
*,,,,.≈......########.#######
,,,,,.......##*,,,,,#.#
,,,,,...####* *,,,,,#.#
*****##** *,,_,,#.# *,,,,,#.#
*,,,,,#.# ******,**#.#
************,,,*,,**,,*


There were no monsters in sight!

Vanquished Creatures
  2 adders (D:3)
  2 worms
  2 dart slugs (D:2)
  An orc (D:3)
  2 giant cockroaches (D:2)
  6 goblins
  4 hobgoblins
  4 jackals (D:2)
  A quokka (D:2)
  5 bats (D:2)
  3 frilled lizards
  4 kobolds
  4 rats
40 creatures vanquished.

Notes
Turn   | Place    | Note
-------+----------+-------------------------------------------
     0 | D:1      | inmateoo the Demigod Gladiator began the quest for the Orb.
     0 | D:1      | Reached XP level 1. HP: 17/17 MP: 3/3
   149 | D:1      | Reached skill level 3 in Polearms
   454 | D:2      | Reached XP level 2. HP: 24/24 MP: 4/4
   830 | D:2      | Found a blossoming altar of Fedhas.
   844 | D:2      | Noticed an oklob plant
   928 | D:2      | Reached XP level 3. HP: 30/30 MP: 5/5
  1742 | D:3      | HP: 1/30 [worm (8)]
  1746 | D:3      | Succumbed to an adder's poison

Vault maps used:
D:1:      lemuel_arrival_funnel
D:2:      tgw_fedhas
D:3:      nicolae_ru_the_path_less_chosen, lightli_sewer_entry_pipes,
          first_bread, uniq_natasha

Skill      XL: |  1 |
---------------+----+-----
Polearms       | 3 |  3.8
Fighting       | 2 |  2.6
Throwing       | |  1.7
Dodging        | |  2.9

Action                   || total
-------------------------++-------
Melee: Trident           ||   132
  Use: Scroll            ||     7
       Potion            ||     2
 Stab: Sleeping          ||     1
  Eat: Royal jelly       ||     1
       Chunk             ||     1
Armor: Leather armour    ||    17
Dodge: Dodged            ||    65
Block: Other             ||     5
